Cogmind - Beta 11 @@@ ROGUE MODE // 2022.04.10 @ 15:07:56 Player: Michael Result: Self-destructed Performance ------------- Evolutions (5) 2500 Regions Visited (15) 3000 Robots Destroyed (89) 445 Value Destroyed (2721) 2721 Prototype IDs (2) 40 Alien Tech Used (0) 0 Bonus (1628) 1628 TOTAL SCORE: 10334 Bonus ------- High Alert Combat Kills 98 Follower Combat Kills 544 Entered DSFs 1000 Friendly Fire -14 Cogmind --------- Core Integrity 57/1000 Matter 277/300 Energy 60/100 System Corruption 10% Temperature Cool (0) Movement Hovering (66) Location -5/Factory Parts ------- > --- POWER (1) -------- (None) > --- PROPULSION (4) --- Gyrokinetic Inverter Gyrokinetic Inverter > --- UTILITY (7) ------ Advanced Targeting Computer Advanced Targeting Computer Improved Hacking Suite Advanced Hacking Suite System Shield > --- WEAPON (5) ------- (None) > --- INVENTORY (5) ---- Armored Medium Treads Armored Huge Wheel High-capacity Storage Unit Precision Rocket Launcher Peak State ------------ > --- POWER ------------ Fission Core > --- PROPULSION ------- Light Treads Armored Wheel Armored Huge Wheel > --- UTILITY ---------- Large Storage Unit Advanced Targeting Computer Layered Light Armor Plating Layered Light Armor Plating Advanced Hacking Suite Improved System Restoration Module > --- WEAPON ----------- Heavy Assault Rifle Improved Assault Rifle Improved Assault Rifle Greatsword > --- INVENTORY -------- Reinforced Ion Engine Armored Wheel Armored Huge Wheel High-capacity Matter Pod Structural Scanner Advanced Signal Interpreter Advanced Hacking Suite Authchip [Propulsion] Authchip [Device] Authchip [Weapon] Improved Assault Rifle Improved Assault Rifle Rocket Launcher Scythe [Rating: 59] Favorites ----------- Power Reinforced Ion Engine Engine Reinforced Ion Engine Power Core Fission Core Propulsion Armored Wheel Treads Light Treads Wheel Armored Wheel Hover Unit Gyrokinetic Inverter Flight Unit Nuclear Pulse Thruster Utility Large Storage Unit Device Heat Sink Storage Large Storage Unit Processor Advanced Targeting Computer Hackware Advanced Hacking Suite Protection Layered Light Armor Plating Weapon Heavy Assault Rifle Energy Cannon Heavy Ion Cannon Ballistic Gun Heavy Assault Rifle Ballistic Cannon Assault Cannon Launcher Precision Rocket Launcher Slashing Weapon Greatsword Piercing Weapon Lance Build | -11 -10 -10 -10 -9 -8 -8 -7 -7 -6 -6 -6 -6 -5 -5 -5 ------- Run | Scr Mat Min Exi Min Mat Sto Fac DSF Fac Was Fac DSF Fac Was Fac Slots Evolved 10 | . . . . . 4 . 2 . 2 . . . 2 . . Power . | . . . . . . . . . . . . . . . . Propulsion 2 | . . . . . 1 . 1 . . . . . . . . Utility 5 | . . . . . 1 . 1 . 2 . . . 1 . . Weapon 3 | . . . . . 2 . . . . . . . 1 . . Parts Attached 142 | 6 19 4 . 7 47 6 2 2 3 . . 3 23 1 19 Power 6 | 1 1 . . . 1 . . . . . . . 1 . 2 Engine 3 | 1 1 . . . 1 . . . . . . . . . . Core 3 | . . . . . . . . . . . . . 1 . 2 Reactor . | . . . . . . . . . . . . . . . . Propulsion 53 | 2 12 2 . 4 23 1 1 . . . . . 2 . 6 Treads 19 | . 6 1 . 1 9 1 . . . . . . . . 1 Leg . | . . . . . . . . . . . . . . . . Wheel 31 | 2 6 1 . 3 14 . 1 . . . . . 2 . 2 Hover 2 | . . . . . . . . . . . . . . . 2 Flight 1 | . . . . . . . . . . . . . . . 1 Utility 44 | 1 6 1 . 1 13 . 1 1 2 . . 2 8 1 7 Device 22 | . 4 1 . 1 7 . 1 . 2 . . . 4 . 2 Storage 3 | 1 1 . . . 1 . . . . . . . . . . Processor 6 | . . . . . 3 . . . . . . 1 1 . 1 Hackware 5 | . . . . . . . . . . . . . 1 . 4 Protection 8 | . 1 . . . 2 . . 1 . . . 1 2 1 . Artifact . | . . . . . . . . . . . . . . . . Weapon 39 | 2 . 1 . 2 10 5 . 1 1 . . 1 12 . 4 Energy Gun . | . . . . . . . . . . . . . . . . Energy Cannon 3 | . . . . . 2 1 . . . . . . . . . Ballistic Gun 23 | 2 . 1 . 1 8 3 . . . . . 1 6 . 1 Ballistic Cannon 1 | . . . . . . . . 1 . . . . . . . Launcher 5 | . . . . 1 . . . . . . . . 3 . 1 Special Weapon . | . . . . . . . . . . . . . . . . Impact Weapon . | . . . . . . . . . . . . . . . . Slashing Weapon 6 | . . . . . . 1 . . 1 . . . 3 . 1 Piercing Weapon 1 | . . . . . . . . . . . . . . . 1 Special Melee Weapon . | . . . . . . . . . . . . . . . . Unidentified Prototypes 2 | . . . . . 1 . . . . . . . . . 1 Parts Lost 26 | . . . . 2 5 . . . . . . . 1 1 17 Power 3 | . . . . . . . . . . . . . . . 3 Propulsion 7 | . . . . 1 2 . . . . . . . . . 4 Utility 8 | . . . . 1 1 . . . . . . . 1 1 4 Weapon 8 | . . . . . 2 . . . . . . . . . 6 Highest Loss Streak 8 | . . . . 2 4 . . . . . . . 1 1 8 To Critical Strikes . | . . . . . . . . . . . . . . . . Average Slot Usage (%) 85 | . 96 99 100 91 94 100 100 99 94 100 100 100 93 78 43 Engine 6 | . 14 14 14 14 8 9 7 7 6 6 6 6 4 . . Treads 4 | . 2 2 . . 6 9 7 7 6 6 6 6 5 5 2 Wheel 16 | . 25 25 28 21 18 18 23 23 20 20 20 20 16 11 4 Device 6 | . 10 11 14 12 6 . 7 1 7 13 13 7 8 8 1 Storage 7 | . 14 14 14 14 9 9 7 7 6 6 6 6 5 3 . Processor 8 | . . . . . 9 18 15 15 13 13 13 18 12 5 7 Hackware 3 | . . . . . . . . . . . . . 4 5 12 Protection 1 | . . 2 . . . . . 5 6 6 6 5 5 5 . Energy Cannon 2 | . . . . . 8 1 . . . . . . . . . Ballistic Gun 19 | . 28 27 28 27 27 34 23 23 13 13 13 16 13 17 3 Ballistic Cannon 1 | . . . . . . . . 5 6 6 6 6 4 . . Slashing Weapon 1 | . . . . . . . 7 . 6 6 6 3 4 5 . Naked Turns . | . . . . . . . . . . . . . . . . Heaviest Build 58 | 14 39 39 34 34 51 47 42 48 49 49 49 49 58 54 31 Greatest Support 56 | 20 20 20 20 20 30 24 36 36 36 36 36 36 40 40 56 Greatest Overweight (x) 3 | . 1 1 1 3 2 1 1 1 1 1 1 1 1 1 . Average Overweight (x) . | . . 1 1 1 1 1 1 1 1 1 1 1 1 . . Largest Inventory Capacity 15 | 8 15 15 15 15 15 15 15 15 15 15 15 15 15 15 5 Average Capacity 12 | 7 13 15 15 15 15 15 15 15 15 15 15 15 15 11 5 Most Carried 15 | 4 15 15 15 15 15 15 14 15 14 14 14 15 15 15 5 Average Carried 11 | 1 9 14 14 14 14 14 13 14 14 14 14 14 14 11 4 Final Capacity 15 | 8 15 15 15 15 15 15 15 15 15 15 15 15 15 5 5 Final Carried 15 | 4 15 15 14 15 15 15 13 15 14 14 14 15 15 5 5 Class Distribution -------------------- 41% | Mutant 13% | Gunner 12% | Scavenger-Mutant 11% | Scavenger-Skirmisher 11% | Hacker-Mutant 6% | Scavenger-Gunner Dominant Class ---------------- Mutant | -10/Materials Mutant | -10/Mines Mutant | -10/Exiles Mutant | -9/Mines Scavenger-Skirmisher | -8/Materials Gunner | -8/Storage Gunner | -7/Factory Gunner | -7/DSF Mutant | -6/Factory Mutant | -6/Waste Mutant | -6/Factory Scavenger-Gunner | -6/DSF Scavenger-Mutant | -5/Factory Mutant | -5/Waste Hacker-Mutant | -5/Factory Resources | -11 -10 -10 -10 -9 -8 -8 -7 -7 -6 -6 -6 -6 -5 -5 -5 ----------- Run | Scr Mat Min Exi Min Mat Sto Fac DSF Fac Was Fac DSF Fac Was Fac Matter Collected 3227 | 226 223 201 388 95 825 135 . 93 . 30 . 58 563 75 315 Remotely . | . . . . . . . . . . . . . . . . Salvage Created 3492 | . 293 51 . 120 1319 346 . 47 . . . 161 640 . 515 Parts 215 | . 22 5 . 7 83 20 . 6 . . . 9 35 . 28 Haulers Intercepted 2 | . . . . . 2 . . . . . . . . . . Recyclers Shooed 1 | . . . . . 1 . . . . . . . . . . Parts Field Recycled . | . . . . . . . . . . . . . . . . Retrieved Matter . | . . . . . . . . . . . . . . . . Parts Self-Destructed . | . . . . . . . . . . . . . . . . Prevented . | . . . . . . . . . . . . . . . . Kills | -11 -10 -10 -10 -9 -8 -8 -7 -7 -6 -6 -6 -6 -5 -5 -5 ------- Run | Scr Mat Min Exi Min Mat Sto Fac DSF Fac Was Fac DSF Fac Was Fac Combat Hostiles Destroyed 62 | . 7 3 . 3 19 5 . 1 . . . 3 9 . 12 Melee 3 | . . . . . . . . . . . . . . . 3 Guns 38 | . 7 3 . . 10 5 . 1 . . . 2 3 . 7 Cannons 10 | . . . . . 9 . . . . . . 1 . . . AOE 11 | . . . . 3 . . . . . . . . 6 . 2 Classes Destroyed 15 | . 4 . . 2 4 1 . 1 . . . 1 2 . . Worker 3 | . . . . . 1 . . . . . . . 2 . . Builder 6 | . . . . 1 1 . . . . . . . 3 . 1 Tunneler 1 | . . . . . . . . . . . . . 1 . . Hauler 2 | . . . . . 2 . . . . . . . . . . Recycler 9 | . 1 . . . 4 1 . . . . . . 2 . 1 Watcher 6 | . 1 . . . 2 . . . . . . . 3 . . Swarmer 24 | . 3 3 . . 5 . . . . . . . 5 . 8 Grunt 13 | . 4 . . 2 3 1 . . . . . 2 . . 1 Brawler 2 | . . . . 1 1 . . . . . . . . . . Duelist 1 | . . . . . . 1 . . . . . . . . . Sentry 12 | . . . . . 8 3 . . . . . . . . 1 Specialist 1 | . . . . . . . . . . . . 1 . . . Hunter 4 | . . . . . 2 . . . . . . . 2 . . Programmer 4 | . . . . . . . . 1 . . . . 1 . 2 Behemoth 1 | . . . . . . . . . . . . . 1 . . Best Kill Streak 10 | . 4 3 . 3 6 2 . 1 . . . 3 10 . 7 Combat Bots Only 7 | . 4 3 . 3 4 2 . 1 . . . 3 5 . 7 Max Kills in Single Turn 4 | . 1 1 . 3 1 1 . 1 . . . 2 4 . 1 Gunslinging . | . . . . . . . . . . . . . . . . Exploded 3 | . . . . 3 . . . . . . . . 3 . 1 Melee 1 | . . . . . . . . . . . . . . . 1 Uniques/NPCs Destroyed . | . . . . . . . . . . . . . . . . Combat | -11 -10 -10 -10 -9 -8 -8 -7 -7 -6 -6 -6 -6 -5 -5 -5 -------- Run | Scr Mat Min Exi Min Mat Sto Fac DSF Fac Was Fac DSF Fac Was Fac Damage Taken 5389 | . 257 218 . 108 984 164 . 16 . . . . 462 94 3086 Core 1131 | . 56 28 . . 72 32 . . . . . . . . 943 Absorbed by Shields . | . . . . . . . . . . . . . . . . Regen/Repaired (Parts) 255 | . . . . . 97 158 . . . . . . . . . Core Remaining (%) 89 | 100 . . . 66 . 81 . 100 . . . 100 . . . Volleys Fired 176 | . 22 13 . 10 57 14 . 1 . . . 2 27 . 30 Largest 5 | . 2 2 . 2 4 4 . 4 . . . 4 5 . 2 Hottest 173 | . 40 40 . 40 173 134 . 113 . . . 113 136 . 66 Shots Fired 452 | . 44 26 . 17 199 44 . 4 . . . 8 76 . 34 Gun 376 | . 44 26 . 14 160 38 . 3 . . . 6 56 . 29 Cannon 61 | . . . . . 39 6 . 1 . . . 2 13 . . Launcher 15 | . . . . 3 . . . . . . . . 7 . 5 Special . | . . . . . . . . . . . . . . . . Kinetic 392 | . 44 26 . 14 160 38 . 4 . . . 8 69 . 29 Thermal 45 | . . . . . 39 6 . . . . . . . . . Explosive 15 | . . . . 3 . . . . . . . . 7 . 5 Electromagnetic . | . . . . . . . . . . . . . . . . Robot Hit Streak 22 | . 8 3 . 3 22 5 . 3 . . . 4 13 . 19 Robot Miss Streak 4 | . 2 3 . 4 3 1 . . . . . 1 3 . 1 Penetration Max . | . . . . . . . . . . . . . . . . Secondary Targets 5 | . 1 . . . 3 1 . . . . . . . . . Max Gunslinging Chain 1 | . 1 . . . 1 1 . . . . . . . . . Shots Hit Robots 284 | . 31 12 . 7 108 27 . 2 . . . 4 49 . 44 Core Hits 142 | . 13 4 . 8 47 11 . 2 . . . 5 28 . 24 Critical Kills 1 | . 1 . . . . . . . . . . . . . . Critical Parts Destroyed 1 | . 1 . . . . . . . . . . . . . . Critical Strikes 3 | . 2 . . . . . . . . . . . 1 . . Destroy 2 | . 2 . . . . . . . . . . . . . . Blast 1 | . . . . . . . . . . . . . 1 . . Melee Attacks 37 | . . . . . . . . . 3 . . . 12 . 22 Impact . | . . . . . . . . . . . . . . . . Slashing 22 | . . . . . . . . . 3 . . . 12 . 7 Piercing 15 | . . . . . . . . . . . . . . . 15 Sneak Attacks 4 | . . . . . . . . . . . . . 2 . 2 Combat Hostiles . | . . . . . . . . . . . . . . . . Follow-up Attacks . | . . . . . . . . . . . . . . . . Damage Inflicted 6619 | . 390 144 . 172 1634 444 . 38 . . . 102 2086 . 1609 Guns 3087 | . 390 144 . 62 955 365 . 38 . . . 75 627 . 431 Cannons 964 | . . . . . 679 79 . . . . . 27 179 . . Explosions 1626 | . . . . 110 . . . . . . . . 1058 . 458 Melee 921 | . . . . . . . . . . . . . 222 . 699 Ramming 21 | . . . . . . . . . . . . . . . 21 Kinetic 3293 | . 390 144 . 62 955 365 . 38 . . . 102 806 . 431 Thermal 1311 | . . . . . 679 79 . . . . . . 553 . . Explosive 1073 | . . . . 110 . . . . . . . . 505 . 458 Electromagnetic . | . . . . . . . . . . . . . . . . Impact . | . . . . . . . . . . . . . . . . Slashing 385 | . . . . . . . . . . . . . 222 . 163 Piercing 536 | . . . . . . . . . . . . . . . 536 Highest Corruption 12 | . . . . . . . . . . . . . . 12 10 Average Corruption 7 | . . . . . . . . . . . . . . 5 7 Corruption Purged 7 | . . . . . . . . . . . . . . 5 2 Corruption Blocked . | . . . . . . . . . . . . . . . . Effects 39 | . . . . . . . . . . . . . . 3 36 Message Errors 9 | . . . . . . . . . . . . . . 1 8 Matter Fused 5 | . . . . . . . . . . . . . . . 5 Heat Flow Errors 5 | . . . . . . . . . . . . . . . 5 Energy Discharges 7 | . . . . . . . . . . . . . . . 7 Data Loss (minor) 5 | . . . . . . . . . . . . . . 2 3 Data Loss (major) 3 | . . . . . . . . . . . . . . . 3 Misfires 3 | . . . . . . . . . . . . . . . 3 Misdirections 1 | . . . . . . . . . . . . . . . 1 Weapon Failures 1 | . . . . . . . . . . . . . . . 1 Overload Shots . | . . . . . . . . . . . . . . . . Overflow Damage 453 | . . . . 2 27 . . . . . . . 264 . 160 Projectiles 38 | . . . . . 27 . . . . . . . 11 . . Explosions 191 | . . . . 2 . . . . . . . . 170 . 19 Melee 224 | . . . . . . . . . . . . . 83 . 141 Knockbacks . | . . . . . . . . . . . . . . . . Impact . | . . . . . . . . . . . . . . . . Kinetic . | . . . . . . . . . . . . . . . . Secondary . | . . . . . . . . . . . . . . . . Self-Inflicted Damage 137 | . . . . 71 . . . . . . . . . . 66 Shots 5 | . . . . 2 . . . . . . . . . . 3 Rammed 4 | . . . . . . . . . . . . . . . 4 Targets Rammed 4 | . . . . . . . . . . . . . . . 4 Kicked . | . . . . . . . . . . . . . . . . Crushed . | . . . . . . . . . . . . . . . . Highest Temperature 273 | . . 72 . 6 273 115 . . . . . . 118 . 249 Average Temperature 58 | . . 36 . 6 67 41 . . . . . . 39 . 98 Received Heat Transfer 699 | . 108 . . 21 252 72 . . . . . . 12 . 234 Siege Activations . | . . . . . . . . . . . . . . . . Robots Corrupted . | . . . . . . . . . . . . . . . . Combat Hostiles . | . . . . . . . . . . . . . . . . Parts Fried . | . . . . . . . . . . . . . . . . Impact Corruptions . | . . . . . . . . . . . . . . . . Robots Melted . | . . . . . . . . . . . . . . . . Combat Hostiles . | . . . . . . . . . . . . . . . . Parts Melted 2 | . . . . . 1 . . . . . . . 1 . . Heat Transferred 1336 | . . . . . 925 111 . . . . . . 300 . . Parts Sabotaged . | . . . . . . . . . . . . . . . . Parts Stolen . | . . . . . . . . . . . . . . . . Parts Stripped . | . . . . . . . . . . . . . . . . Power Chain Reactions . | . . . . . . . . . . . . . . . . Missiles Intercepted . | . . . . . . . . . . . . . . . . Alert | -11 -10 -10 -10 -9 -8 -8 -7 -7 -6 -6 -6 -6 -5 -5 -5 ------- Run | Scr Mat Min Exi Min Mat Sto Fac DSF Fac Was Fac DSF Fac Was Fac Peak Influence 621 | . 282 131 . 112 471 187 84 112 61 21 19 344 621 191 379 Initial 191 | . . 31 . . 43 108 84 62 58 21 14 13 180 191 119 Average 223 | . 131 121 . 86 281 118 84 79 59 21 15 119 325 184 262 Maximum Alert Level 2 | . 1 . . . 2 . . . . . . 1 2 . 1 Low Security (%) 46 | 100 74 100 . 100 20 100 100 100 100 100 100 80 8 100 27 Level 1 45 | . 25 . . . 70 . . . . . . 19 59 . 72 Level 2 8 | . . . . . 9 . . . . . . . 32 . . Level 3 . | . . . . . . . . . . . . . . . . Level 4 . | . . . . . . . . . . . . . . . . Level 5 . | . . . . . . . . . . . . . . . . High Security . | . . . . . . . . . . . . . . . . Max Security . | . . . . . . . . . . . . . . . . Sterilizations 2 | . . . . . . . . 1 . . . 1 . . . Squads Dispatched 17 | . 3 . . . 2 . . . . . . 1 6 . 5 Investigation 1 | . . . . . . . . . . . . . 1 . . Extermination 2 | . . . . . . . . . . . . . 1 . 1 Reinforcement 10 | . 3 . . . 1 . . . . . . 1 4 . 1 Assault . | . . . . . . . . . . . . . . . . Garrison 4 | . . . . . 1 . . . . . . . . . 3 Intercept . | . . . . . . . . . . . . . . . . Searches Triggered . | . . . . . . . . . . . . . . . . Construction Impeded 1 | . . . . . . . . . . . . . . . 1 Haulers Reinforced . | . . . . . . . . . . . . . . . . Active Scanning Responses . | . . . . . . . . . . . . . . . . Cargo Convoy Interrupts . | . . . . . . . . . . . . . . . . Stealth | -11 -10 -10 -10 -9 -8 -8 -7 -7 -6 -6 -6 -6 -5 -5 -5 --------- Run | Scr Mat Min Exi Min Mat Sto Fac DSF Fac Was Fac DSF Fac Was Fac Distress Signals 2 | . 1 . . . 1 . . . . . . . . . . Communications Jammed . | . . . . . . . . . . . . . . . . Distress Signals . | . . . . . . . . . . . . . . . . Times Spotted 140 | . 17 3 . 5 32 8 . 5 . . . 6 19 6 39 Peak Tracking Total 9 | . 5 3 . 3 5 3 . 6 . . . 3 5 6 9 Tactical Retreats 9 | . 1 . . . 1 . . 1 . . . . . . 6 Traps | -11 -10 -10 -10 -9 -8 -8 -7 -7 -6 -6 -6 -6 -5 -5 -5 ------- Run | Scr Mat Min Exi Min Mat Sto Fac DSF Fac Was Fac DSF Fac Was Fac Traps Triggered 7 | . 1 . . . . . . 2 1 . . . 1 . 2 Indirectly . | . . . . . . . . . . . . . . . . Trap Hack Attempts . | . . . . . . . . . . . . . . . . Triggered . | . . . . . . . . . . . . . . . . Disarmed . | . . . . . . . . . . . . . . . . Reprogrammed . | . . . . . . . . . . . . . . . . Reused . | . . . . . . . . . . . . . . . . Traps Extracted . | . . . . . . . . . . . . . . . . Installed . | . . . . . . . . . . . . . . . . Triggered . | . . . . . . . . . . . . . . . . Exploded 3 | . . . . . 1 2 . . . . . . . . . Machines | -11 -10 -10 -10 -9 -8 -8 -7 -7 -6 -6 -6 -6 -5 -5 -5 ---------- Run | Scr Mat Min Exi Min Mat Sto Fac DSF Fac Was Fac DSF Fac Was Fac Machines Disabled 11 | . . 1 . . . . . . . . . 1 8 . 1 Max in Single Turn 7 | . . 1 . . . . . . . . . . 7 . 1 Garrison Access 1 | . . . . . . . . . . . . . . . 1 Machines Sabotaged . | . . . . . . . . . . . . . . . . Garrisons Compromised . | . . . . . . . . . . . . . . . . Overloaded Fab Kills . | . . . . . . . . . . . . . . . . Hacking | -11 -10 -10 -10 -9 -8 -8 -7 -7 -6 -6 -6 -6 -5 -5 -5 --------- Run | Scr Mat Min Exi Min Mat Sto Fac DSF Fac Was Fac DSF Fac Was Fac Machines Accessed 43 | . 6 . 1 . 13 7 1 . 1 . 1 . 7 . 6 Terminals 28 | . 4 . . . 9 6 1 . . . 1 . 5 . 2 Fabricators 3 | . . . . . . . . . . . . . 2 . 1 Repair Stations 2 | . . . . . 1 1 . . . . . . . . . Recycling Units 7 | . 2 . . . 2 . . . 1 . . . . . 2 Scanalyzers 1 | . . . . . 1 . . . . . . . . . . Garrison Access 1 | . . . . . . . . . . . . . . . 1 Total Hacks 107 | . 14 . 1 . 33 20 2 . 1 . 3 . 18 . 15 Successful 57 | . 7 . 1 . 22 13 1 . 1 . 1 . 5 . 6 Failed 50 | . 7 . . . 11 7 1 . . . 2 . 13 . 9 Catastrophic 5 | . 1 . . . 1 1 . . . . . . 2 . . Database Lockouts . | . . . . . . . . . . . . . . . . Manual 9 | . . . . . 2 4 . . . . . . 2 . 1 Terminals 74 | . 10 . . . 23 15 2 . . . 3 . 14 . 7 Fabricators 6 | . . . . . . . . . . . . . 4 . 2 Repair Stations 9 | . . . . . 4 5 . . . . . . . . . Recycling Units 12 | . 4 . . . 4 . . . 1 . . . . . 3 Scanalyzers 2 | . . . . . 2 . . . . . . . . . . Garrison Access 3 | . . . . . . . . . . . . . . . 3 Terminal Hacks 30 | . 3 . 1 . 12 7 1 . . . 1 . 3 . 2 Record 1 | . . . 1 . . . . . . . . . . . . Robot Analysis 1 | . . . . . 1 . . . . . . . . . . Open Door 1 | . . . . . . 1 . . . . . . . . . Open DSF 2 | . . . . . . . 1 . . . 1 . . . . Level Access Points 1 | . . . . . . 1 . . . . . . . . . Emergency Access Points 2 | . 1 . . . . 1 . . . . . . . . . Terminal Index 1 | . . . . . 1 . . . . . . . . . . Unreport Threat 3 | . . . . . 1 1 . . . . . . 1 . . Locate Traps 4 | . 1 . . . 2 1 . . . . . . . . . Patrol Status 4 | . 1 . . . 1 . . . . . . . . . 2 Hauler Manifests 3 | . . . . . 2 1 . . . . . . . . . Registered Components 1 | . . . . . 1 . . . . . . . . . . Zone Layout 6 | . . . . . 3 1 . . . . . . 2 . . Fabricator Hacks 1 | . . . . . . . . . . . . . 1 . . Network Status 1 | . . . . . . . . . . . . . 1 . . Repair Station Hacks 8 | . . . . . 3 5 . . . . . . . . . Scan Component 5 | . . . . . 2 3 . . . . . . . . . Repair 3 | . . . . . 1 2 . . . . . . . . . Recycling Unit Hacks 11 | . 4 . . . 4 . . . 1 . . . . . 2 Recycle Component 1 | . . . . . 1 . . . . . . . . . . Process 2 | . 1 . . . 1 . . . . . . . . . . Report Inventory 2 | . 1 . . . 1 . . . . . . . . . . Retrieve Matter 1 | . 1 . . . . . . . . . . . . . . Retrieve Components 5 | . 1 . . . 1 . . . 1 . . . . . 2 Scanalyzer 2 | . . . . . 2 . . . . . . . . . . Insert Component 1 | . . . . . 1 . . . . . . . . . . Analyze 1 | . . . . . 1 . . . . . . . . . . Garrison Access Hacks 1 | . . . . . . . . . . . . . . . 1 Seal Access 1 | . . . . . . . . . . . . . . . 1 Unauthorized Hacks 4 | . . . . . 1 1 . . . . . . 1 . 1 Terminals 4 | . . . . . 1 1 . . . . . . 1 . 1 Botnet 4 | . . . . . 1 1 . . . . . . 1 . 1 Fabricators . | . . . . . . . . . . . . . . . . Repair Stations . | . . . . . . . . . . . . . . . . Recycling Units . | . . . . . . . . . . . . . . . . Scanalyzers . | . . . . . . . . . . . . . . . . Garrison Access . | . . . . . . . . . . . . . . . . Data Cores Recovered . | . . . . . . . . . . . . . . . . Used . | . . . . . . . . . . . . . . . . Hacking Detections 27 | . 4 . . . 7 3 1 . . . 1 . 7 . 4 Full Trace Events . | . . . . . . . . . . . . . . . . Feedback Events . | . . . . . . . . . . . . . . . . Feedback Blocked . | . . . . . . . . . . . . . . . . Robot Schematics Acquired . | . . . . . . . . . . . . . . . . Robots Built . | . . . . . . . . . . . . . . . . Authchips . | . . . . . . . . . . . . . . . . Time . | . . . . . . . . . . . . . . . . Total Robot Build Rating . | . . . . . . . . . . . . . . . . Part Schematics Acquired 1 | . . . . . 1 . . . . . . . . . . Parts Built . | . . . . . . . . . . . . . . . . Authchips . | . . . . . . . . . . . . . . . . Time . | . . . . . . . . . . . . . . . . Total Part Build Rating . | . . . . . . . . . . . . . . . . Parts Repaired 3 | . . . . . 1 2 . . . . . . . . . Time 96 | . . . . . 32 64 . . . . . . . . . Parts Recycled 1 | . . . . . 1 . . . . . . . . . . Recycled Matter 513 | . 204 . . . 309 . . . . . . . . . . Retrieved Matter 204 | . 204 . . . . . . . . . . . . . . Retrieved Components 9 | . 3 . . . . . . . 1 . . . . . 5 Parts Scanalyzed 1 | . . . . . 1 . . . . . . . . . . Part Schematics Acquired 1 | . . . . . 1 . . . . . . . . . . Parts Damaged . | . . . . . . . . . . . . . . . . Bothacking | -11 -10 -10 -10 -9 -8 -8 -7 -7 -6 -6 -6 -6 -5 -5 -5 ------------ Run | Scr Mat Min Exi Min Mat Sto Fac DSF Fac Was Fac DSF Fac Was Fac Used RIF Installer . | . . . . . . . . . . . . . . . . Robots Hacked . | . . . . . . . . . . . . . . . . Non-combat . | . . . . . . . . . . . . . . . . Combat . | . . . . . . . . . . . . . . . . Robot Hacks Applied . | . . . . . . . . . . . . . . . . Relay Couplers Released . | . . . . . . . . . . . . . . . . Fabnet Peak Effective % . | . . . . . . . . . . . . . . . . Robots Rewired . | . . . . . . . . . . . . . . . . Allies Hacked . | . . . . . . . . . . . . . . . . Hacks Repelled . | . . . . . . . . . . . . . . . . Allies | -11 -10 -10 -10 -9 -8 -8 -7 -7 -6 -6 -6 -6 -5 -5 -5 -------- Run | Scr Mat Min Exi Min Mat Sto Fac DSF Fac Was Fac DSF Fac Was Fac Total Allies 20 | . . . . . . . . . . 20 . . . . . Largest Group 20 | . . . . . . . . . . 20 20 20 11 1 . Highest-Rated Group 745 | . . . . . . . . . . 745 745 745 448 26 . Highest-Rated Ally 50 | . . . . . . . . . . 50 50 50 50 26 . Total Orders . | . . . . . . . . . . . . . . . . Ally Attacks 134 | . . . . . . . . . . . . 59 75 . . Total Damage 2948 | . . . . . . . . . . . . 1256 1692 . . Kills 15 | . . . . . . . . . . . . 6 9 . . Allies Corrupted . | . . . . . . . . . . . . . . . . Allies Melted . | . . . . . . . . . . . . . . . . Intel | -11 -10 -10 -10 -9 -8 -8 -7 -7 -6 -6 -6 -6 -5 -5 -5 ------- Run | Scr Mat Min Exi Min Mat Sto Fac DSF Fac Was Fac DSF Fac Was Fac Robot Analysis Total 1 | . . . . . 1 . . . . . . . . . . Derelict Logs Recovered 2 | . . 1 . 1 . . . . . . . . . . . Drone Launches . | . . . . . . . . . . . . . . . . Drone Recoveries . | . . . . . . . . . . . . . . . . Exploration | -11 -10 -10 -10 -9 -8 -8 -7 -7 -6 -6 -6 -6 -5 -5 -5 ------------- Run | Scr Mat Min Exi Min Mat Sto Fac DSF Fac Was Fac DSF Fac Was Fac Turns Passed 5286 | 48 405 226 185 204 1296 380 46 80 84 94 9 130 950 154 995 Spaces Moved 4182 | 45 315 186 188 156 909 214 42 60 70 73 7 84 740 140 953 Core 39 | 4 . . . . . . . . . . . . . . 35 Treads 7 | . 2 . . . . . . . . . . . . . 5 Legs . | . . . . . . . . . . . . . . . . Wheels 3845 | 41 313 186 188 156 909 214 42 60 70 73 7 84 740 140 622 Hover 120 | . . . . . . . . . . . . . . . 120 Flight 171 | . . . . . . . . . . . . . . . 171 Fastest Speed 40 | 50 80 95 95 95 95 105 105 105 105 105 105 105 105 95 40 Average Speed 97 | 77 91 95 95 104 105 105 105 105 105 105 105 105 105 104 83 Slowest Speed 240 | 80 240 95 95 125 115 105 105 105 105 105 105 105 110 110 170 Overloaded Moves . | . . . . . . . . . . . . . . . . Propulsion Burnouts . | . . . . . . . . . . . . . . . . Robots Hopped 2 | . . . . . . . . . . . . . . . 2 Cave-ins Triggered . | . . . . . . . . . . . . . . . . Exploration Rate (%) 45 | 4 57 46 54 34 90 58 2 74 4 77 1 88 26 76 34 Regions Visited 15 Branch Regions 4 Pre-discovered Areas 1 | . . . 1 . . . . . . . . . . . . Known Exits Taken 4 | . . . . . 1 1 1 . . . 1 . . . . Unknown Exits Taken 5 | 1 1 1 1 1 . . . . . . . . . . . Scrap Searched . | . . . . . . . . . . . . . . . . Spaces Dug 24 | . . . . . 4 2 . . 3 . . . 13 . 2 Terrain Destroyed 122 | . . . . 34 13 3 . . 3 . . . 39 . 30 Melee 15 | . . . . . . . . . 3 . . . 10 . 2 Projectile 16 | . . . . . 13 3 . . . . . . . . . AOE 91 | . . . . 34 . . . . . . . . 29 . 28 Terrain Rammed . | . . . . . . . . . . . . . . . . Walls Destroyed . | . . . . . . . . . . . . . . . . Machines Disabled . | . . . . . . . . . . . . . . . . Actions | -11 -10 -10 -10 -9 -8 -8 -7 -7 -6 -6 -6 -6 -5 -5 -5 --------- Run | Scr Mat Min Exi Min Mat Sto Fac DSF Fac Was Fac DSF Fac Was Fac Total 4957 | 55 382 208 196 179 1122 340 43 75 76 90 8 121 835 147 1080 Wait 297 | . 8 2 . 3 74 100 . 7 . 18 2 24 11 7 41 Move 4166 | 44 314 185 187 155 908 213 41 59 70 72 6 83 740 139 950 Hop 1 | . . . . . . . . . . . . . . . 1 Pick Up 56 | 5 12 1 4 2 14 2 . 3 . . . 3 7 . 3 Fast Attach 45 | 5 3 1 . 2 10 1 . 1 1 . . . 5 . 16 Attach 21 | 1 . . . . 6 . 2 . 1 . . 1 7 . 3 Detach 20 | . 2 1 . . 5 1 . 1 . . . 1 4 . 5 Swap 76 | . 16 3 . 5 31 5 . 1 1 . . 2 11 1 . Drop 55 | . 5 2 5 2 17 4 . 2 . . . 2 11 . 5 Fire 176 | . 22 13 . 10 57 14 . 1 . . . 2 27 . 30 Melee 37 | . . . . . . . . . 3 . . . 12 . 22 Ram 4 | . . . . . . . . . . . . . . . 4 Kick . | . . . . . . . . . . . . . . . . Crush . | . . . . . . . . . . . . . . . . Escape Stasis 3 | . . . . . . . . . . . . 3 . . . Rewire . | . . . . . . . . . . . . . . . . Trap . | . . . . . . . . . . . . . . . . Miscellaneous . | . . . . . . . . . . . . . . . . Route ------- -11/Scrapyard -10/Materials (discovered 2 exits: [*Mat] / [*Min]) -10/Mines (discovered 3 exits: [*Mat x2] / *Exi) -10/Exiles -9/Mines -8/Materials (discovered 4 exits: *Fac x2 / *Sto x2) -8/Storage -7/Factory (discovered 2 exits: [*Low] / DSF) -7/DSF -6/Factory -6/Waste -6/Factory -6/DSF -5/Factory (discovered 2 exits: *Fac x2) -5/Waste -5/Factory (discovered 2 exits: *Fac / [*Upp]) History --------- Turn | Location | Event 17 | -11/Scrapyard | Discovered new exit (range 15) 49 | -11/Scrapyard | Entered Materials 188 | -10/Materials | Discovered new exit (range 9) 335 | -10/Materials | Discovered new exit (range 12) 372 | -10/Materials | Build established: Mutant 454 | -10/Materials | Entered Mines 519 | -10/Mines | Discovered new exit (range 16) 544 | -10/Mines | Discovered new exit (range 11) 676 | -10/Mines | Deemed a non-threat by the Exiles lab entrance 676 | -10/Mines | Discovered new exit (range 5) 680 | -10/Mines | Entered Exiles 709 | -10/Exiles | Met 8R-AWN 724 | -10/Exiles | Met EX-HEX 789 | -10/Exiles | Met EX-DEC 806 | -10/Exiles | Learned location of Zion (-7) 855 | -10/Exiles | Discovered new exit (range 12) 865 | -10/Exiles | Entered Mines 872 | -9/Mines | Received a Rocket Launcher from a helpful Derelict 901 | -9/Mines | Learned Materials emergency access door positions 1055 | -9/Mines | A weapon hastily lodged in a ceiling crevice suddenly fell to the ground 1056 | -9/Mines | Discovered new exit (range 14) 1069 | -9/Mines | Entered Materials 1069 | -8/Materials | Evolved 4 slots: Propulsion x1, Utility x1, Weapon x2 1070 | -8/Materials | Identified exit to Storage 1241 | -8/Materials | Lost 4 parts (2n2w) 1392 | -8/Materials | Repaired Rnf. Ion Engine 1523 | -8/Materials | Discovered new exit (range 3) 1606 | -8/Materials | Discovered exit to Storage (range 5) 1766 | -8/Materials | Garrison activated, responded to threat 1822 | -8/Materials | Build established: Scavenger-Skirmisher 2213 | -8/Materials | Discovered new exit (range 10) 2365 | -8/Materials | Entered Storage 2447 | -8/Storage | Repaired Arm. Wheel 2480 | -8/Storage | Repaired Hvy. Assault Rifle 2501 | -8/Storage | Build established: Gunner 2655 | -8/Storage | Identified exit to Factory 2745 | -8/Storage | Entered Factory 2745 | -7/Factory | Evolved 2 slots: Propulsion x1, Utility x1 2777 | -7/Factory | Discovered new exit (range 19) 2791 | -7/Factory | Identified exit to DSF 2791 | -7/Factory | Entered DSF 2791 | -7/DSF | Encountered a pitched battle between 0b10 and Warlord forces 2822 | -7/DSF | Discovered new exit (range 20) 2833 | -7/DSF | Spotted Executioner 2844 | -7/DSF | Sterilization system engaged 2864 | -7/DSF | Ambient heat levels rising (+10) 2871 | -7/DSF | Entered Factory 2871 | -6/Factory | Evolved 2 slots: Utility x2 2955 | -6/Factory | Sucked down chute 2955 | -6/Factory | Entered Waste 2956 | -6/Waste | Joined by Warlord forces that had cleared the area 3014 | -6/Waste | Discovered new exit (range 13) 3049 | -6/Waste | Entered Factory 3049 | -6/Factory | Accompanied by 20 allies 3056 | -6/Factory | Identified exit to DSF 3058 | -6/Factory | Entered DSF 3058 | -6/DSF | Accompanied by 20 allies 3100 | -6/DSF | Additional patrols routed to DSF 3153 | -6/DSF | Discovered new exit (range 15) 3173 | -6/DSF | Sterilization system engaged 3177 | -6/DSF | Identified exit to Factory 3188 | -6/DSF | Entered Factory 3188 | -5/Factory | Accompanied by 11 allies 3188 | -5/Factory | Evolved 2 slots: Utility x1, Weapon x1 3534 | -5/Factory | Discovered new exit (range 15) 3601 | -5/Factory | Identified exit to Factory 3709 | -5/Factory | Discovered exit to Factory (range 21) 3841 | -5/Factory | Spotted B-75 Beast 3940 | -5/Factory | Destroyed B-75 Beast 4138 | -5/Factory | Sucked down chute 4138 | -5/Factory | Entered Waste 4145 | -5/Waste | 1 allies followed down the chute 4153 | -5/Waste | EMP discharged 4180 | -5/Waste | Spotted C-40 Crusher 4182 | -5/Waste | Spotted C-40 Crusher 4190 | -5/Waste | Spotted C-40 Crusher 4220 | -5/Waste | Spotted C-40 Crusher 4225 | -5/Waste | Spotted C-40 Crusher 4237 | -5/Waste | Spotted C-40 Crusher 4245 | -5/Waste | Crushed by Compactor (1 part destroyed, 1 dropped) 4253 | -5/Waste | EMP discharged 4253 | -5/Waste | System corruption reached 10% 4282 | -5/Waste | Discovered new exit (range 12) 4292 | -5/Waste | Entered Factory 4346 | -5/Factory | Build established: Mutant 4378 | -5/Factory | Garrison activated, responded to threat 4470 | -5/Factory | Lost 8 parts (1p2n1u4w) 4504 | -5/Factory | Destroyed 7 combat bots 4530 | -5/Factory | Discovered new exit (range 15) 4697 | -5/Factory | Discovered exit to Factory (range 16) 4967 | -5/Factory | Build established: Hacker-Mutant 5107 | -5/Factory | Core integrity fell below 50% 5156 | -5/Factory | Lost 4 parts (1p2u1w) 5273 | -5/Factory | Core integrity fell below 20% 5287 | -5/Factory | Self-destructed Last Messages --------------- 05233_ System corrupted: Substantial component data lost. 05242_ Acquired Gyrokinetic Inverter. 05246_ Connecting with Garrison Access... >>Seal Access door sealed. 05258_ Critical hit (Burn: +37). 05259_ System corrupted: Substantial component data lost. 05264_ Slug penetrates Wall. 05269_ K-01 Serf destroyed. 05270_ R-10 Processor collects Sml. Matter Pod. 05270_ K-01 Serf collects debris. 05271_ Acquired Wheel. 05272_ Penetrated by Slug. 05274_ R-10 Processor collects Wheel. 05274_ K-01 Serf collects debris. 05275_ Penetrated by Slug. 05279_ Wheel destroyed. 05279_ Slug penetrates Wall. 05282_ K-01 Serf collects debris. 05285_ Penetrated by Slug. Map ----- +----------------------------------------------------+ | | | | | | | | | | | | | | | ?????????????????????????????????????????????????? | | ?????????????????????????????????????????????????? | | ?????????????????????????????????????????????????? | | ?????????????????????????????????????????????????? | | ?????????????????????????????????????????????????? | | ?????????????????????????????????????????????????? | | ?????????????????????????????????????????????????? | | ?????????????????????????????????????????????????? | | ?????????????????????????????????????????????????? | | ???????????????????????##########????????????????? | | ???????????????????????# #????????????????? | | ???????????????????????# = #????????????????? | | ???????????????????????# #????????????????? | | ???????????????????????# #????????????????? | | ???????????????????????# #????????????????? | | ???????????????????????# [ #????????????????? | | ???????????????????????# #????????????????? | | ?????????????#####+##### #????????????????? | | ?????????????# # @ [ #????????????????? | | ?????????????# ###s;########"###+????????? | | ?????????????# ss ???????? | | ?????????????# s ???????? | | ?????????????# ???????? | | ?????????????# ???????? | | ???########### u ???????? | | ? # ############## T##????????? | | # # #?????????????????????????? | | # ## ##?????????????????????????? | | # ## #??????????????????????????? | | # ## #??????????????????????????? | | # ## #??????????????????????????? | | # ## #??????????????????????????? | | # ## #??????????????????????????? | | ?? #" "#?????????????????????????? | | ???? ! !## ##?????????????????????????? | | ?????? ## #??????????????????????????? | | ???????? ?# #??????????????????????????? | | ##########+#### #??????????????????????????? | | #??????????????????????????? | | #??????????????????????????? | | #??????????????????????????? | | #??????????????????????????? | | #??????????????????????????? | +----------------------------------------------------+ Best States ------------- Heat Dissipation 59 Energy Generation 18 Energy Capacity 310 Matter Stores 300 Matter Capacity 300 Sight Range 22 Terrain Scan Range 14 Terrain Scan Density 10 Additional Mass Support 9 Armor Coverage 300 Evasion (%) 62 Targeting Accuracy 16 Recoil Reduction 1 Offensive Hacking 40 Defensive Hacking 10 Authchip Count 3 Item Schematics ----------------- Lgt. Nuclear Core | -8/Materials | Scanalyzed Robot Schematics ------------------ None Fabricated ------------ Nothing Alien Tech Used ----------------- None Achievements -------------- None Challenges ------------ None Game ------ Seed MediumQuantumReactor Manual? 0 Play Time 01:44:50 Cumulative 337.7 hours Start 2022.04.09 @ 11:59:51 End 2022.04.10 @ 15:07:56 Sessions 1 Manual Loads 0 Difficulty Rogue Special Mode None Game No. 140 Rogue 117 Adventurer 23 Explorer 0 Win Type - Total 1 Types 1/0/0/0/0/0/0/0/0 Lore% 40 Gallery% 55 Achievement% 41 Wizard Run 0 Options --------- ASCII 0 Keyboard 1 Movement Vi Keybinds 0 Fullscreen 1 Font 12/Tallcaps Map View 83x54 Tactical HUD 1 Map Filters NONE Filters NONE Steam 0 RUN: 0e76d1de-23c6-4f68-bcab-869aec299d37